 Dungeon Crawl Stone Soup version 0.29.1-13-g9f3cf754e1 (webtiles) character file.

Game seed: 5347553931002504604

16 Thatpatchoflichen the Trooper (level 2, 0/24 HPs)
             Began as a Demonspawn Monk on Jan 19, 2023.
             Slain by a kobold
             ... wielding a +0 short sword
              (1 damage)
             ... on level 2 of the Dungeon.
             The game lasted 00:02:40 (794 turns).

Thatpatchoflichen the Trooper (Demonspawn Monk)      Turns: 794, Time: 00:02:41

Health: 0/24       AC:  2    Str: 17    XL:     2   Next: 37%
Magic:  2/2        EV: 13    Int: 11    God:
Gold:   31         SH:  0    Dex: 15    Spells: 1/1 levels left

rFire   . . .      SeeInvis .   a - +0 mace
rCold   . . .      Faith    .   (no shield)
rNeg    . . .      Spirit   .   b - +0 robe
rPois   .          Reflect  .   (no helmet)
rElec   .          Harm     .   (no cloak)
rCorr   .          Rampage  .   (no gloves)
Will    .....                   (no boots)
Stlth   ++........              (no amulet)
HPRegen 0.08/turn               c - +6 ring of strength
MPRegen 0.08/turn               (no ring)

@: no status effects
A: ignite blood 1
a: no special abilities


You were on level 2 of the Dungeon.
You visited 1 branch of the dungeon, and saw 2 of its levels.

You collected 31 gold pieces.

Inventory:

Hand Weapons
 a - a +0 mace (weapon)
Missiles
 f - 2 poisoned darts (quivered)
Armour
 b - a +0 robe (worn)
Jewellery
 c - a +6 ring of strength (left hand)
Scrolls
 g - a scroll of poison {unknown}
 h - a scroll of identify {unknown}
Potions
 d - 2 potions of brilliance {unknown}
 e - a potion of degeneration {unknown}


   Skills:
 + Level 3.3 Fighting
 + Level 3.0 Maces & Flails
 - Level 3.0 Dodging
 - Level 1.7 Stealth


You had one spell level left.
You didn't know any spells.
Your spell library was empty.

Dungeon Overview and Level Annotations

Branches:
Dungeon (2/15)

Altars:

Shops:
D:1 ?


Innate Abilities, Weirdness & Mutations

Your demonic aura sometimes causes spilled blood to erupt in flames.


Message History

The frilled lizard misses you.
You closely miss the frilled lizard. The frilled lizard misses you.
The quokka bites you.
You closely miss the frilled lizard. The kobold barely misses you.
The frilled lizard barely misses you. The quokka barely misses you.
The kobold barely misses you. The frilled lizard closely misses you.
You miss the frilled lizard. The quokka bites you.
The ball python bites you but does no damage.
The ball python barely misses you. The quokka bites you.
The kobold barely misses you. The frilled lizard barely misses you.
You closely miss the frilled lizard.
The ball python bites you but does no damage.
The ball python grabs you. The ball python constricts you.
The quokka barely misses you.
The great orb of eyes pulsates ominously.
The frilled lizard barely misses you.
The kobold hits you with a +0 short sword.
The ball python misses you. The ball python constricts you.
You closely miss the ball python. The quokka closely misses you.
The kobold hits you but does no damage. The frilled lizard bites you.
The ball python bites you. The ball python constricts you.
The quokka bites you.
You closely miss the ball python. The ball python closely misses you.
The ball python constricts you.
The kobold hits you with a +0 short sword.
* * * LOW HITPOINT WARNING * * *
The frilled lizard bites you.
* * * LOW HITPOINT WARNING * * *
The quokka barely misses you. The ball python bites you.
* * * LOW HITPOINT WARNING * * *
The ball python constricts you.
* * * LOW HITPOINT WARNING * * *
You escape the ball python's grasp.
The kobold hits you with a +0 short sword.
* * * LOW HITPOINT WARNING * * *
The frilled lizard attacks as you move away!
The frilled lizard bites you but does no damage.
The kobold attacks as you move away!
The kobold hits you with a +0 short sword.
You die...

##. .#..##
### ..... ..#
###...###.#
#G#...#G#!#
.###...###.#
......Sl...##
....._.°@...#
......rK....#
.###...###..#
#G#...#G#..#
###...###..#
..... ...#
...... ...#
###### #####


You could see 2 great orbs of eyes, a shining eye, an eye of devastation, a
quokka, a ball python, a kobold and a frilled lizard.

Vanquished Creatures
  2 bats (D:1)
  An endoplasm (D:1)
  3 goblins (D:1)
  2 hobgoblins (D:1)
  A frilled lizard (D:1)
  4 kobolds (D:1)
  2 rats (D:1)
15 creatures vanquished.

Notes
Turn   | Place    | Note
-------+----------+-------------------------------------------
     0 | D:1      | Thatpatchoflichen the Demonspawn Monk began the quest for
                  | the Orb.
     0 | D:1      | Reached XP level 1. HP: 18/18 MP: 1/1
   311 | D:1      | Gained mutation: Your demonic aura sometimes causes spilled
                  | blood to erupt in flames. [demonic ancestry]
   311 | D:1      | Reached XP level 2. HP: 20/24 MP: 2/2
   474 | D:1      | Found Unle's Magic Scroll Shop.
   782 | D:2      | Found a faded altar of an unknown god.
   783 | D:2      | Noticed a great orb of eyes
   783 | D:2      | Noticed a great orb of eyes
   784 | D:2      | Noticed a shining eye
   784 | D:2      | Noticed an eye of devastation
   793 | D:2      | HP: 1/24 [kobold/+0 short sword (3)]
   794 | D:2      | Slain by a kobold

Illustrated notes

Levels and vault maps discovered:
D:1:      ncdulo_lavacross, layout_rooms, serial_shops, shop, minmay_octomino_j4
D:2:      cheibrodos_old_hovel, layout_loops_cross,
          hellmonk_ecumenical_altar_watching_god, chequers_decorated_corner,
          minmay_misc_feat_iff

Skill      XL: |  1  2 |
---------------+-------+-----
Maces & Flails | 3 |  3.0
Dodging        | 3 |  3.0
Fighting       | |  3.3
Stealth        | |  1.7

Action                   || total
-------------------------++-------
Melee: Mace              ||    61
  Use: Potion            ||     1
 Stab: Distracted        ||     1
Armor: Robe              ||    22
Dodge: Dodged            ||    55
